Map: Ascension to Aiur LE

Players

Winthrowe - Winner!

  • Race: Protoss Protoss
  • League: Silver
  • Spawn Location: 11:00

annihilator

  • Race: Terran Terran
  • League: Silver
  • Spawn Location: 5:00

VOD

Have the link to the VOD?

Description

Time

  • Played on: Sept. 3, 2017, 8:37 p.m.
  • Length: 16:54
Show
View Real Time Build Order
Export as new Build Order

Winthrowe Protoss - Winner!

Build Orders:  

Get SALT Encoding   

  12  0:02  Probe (Chrono Boost)  
  13  0:13  Probe (Chrono Boost)  
  14  0:21  Pylon  
  14  0:26  Assimilator  
  14  0:28  Probe (Chrono Boost)  
  15  0:39  Probe (Chrono Boost)  
  16  0:51  Gateway  
  16  1:01  Probe (Chrono Boost)  
  17  1:12  Probe (Chrono Boost)  
  18  1:22  Assimilator, Probe (Chrono Boost)  
  19  1:33  Probe (Chrono Boost)  
  20  1:44  Probe (Chrono Boost)  
  21  1:49  Cybernetics Core  
  21  1:51  Zealot  
  23  2:05  Pylon  
  23  2:08  Pylon  
  23  2:23  Zealot, Probe (Chrono Boost)  
  23  2:26  Warp Gate (Chrono Boost)  
  26  2:34  Probe (Chrono Boost)  
  27  2:37  Gateway x2  
  27  2:42  Gateway  
  27  2:55  Sentry  
  29  3:07  Twilight Council  
  29  3:08  Robotics Facility  
  29  3:15  Probe (Chrono Boost)  
  30  3:26  Mothership Core  
  32  3:32  Stalker x2  
  36  3:37  Sentry  
  38  3:55  Pylon  
  38  3:56  Charge  
  38  4:09  Probe  
  39  4:13  Zealot  
  41  4:21  Probe  
  42  4:33  Probe  
  43  4:45  Probe  
  44  4:52  Nexus  
  44  5:00  Pylon  
  44  5:05  Pylon  
  44  5:09  Pylon  
  44  5:15  Pylon  
  44  5:16  Gateway  
  44  5:25  Sentry x2  
  44  5:26  Sentry x2  
  52  5:37  Immortal (Chrono Boost)  
  56  5:53  Forge  
  56  5:55  Forge  
  56  6:02  Forge  
  56  6:03  Probe  
  57  6:12  Probe  
  57  6:15  Probe  
  59  6:23  Probe  
  60  6:27  Probe  
  60  6:32  Adept x3  
  63  6:33  Probe  
  63  6:35  Adept  
  70  6:53  Immortal (Chrono Boost)  
  74  7:18  Protoss Ground Armor Level 1, Protoss Ground Weapons Level 1  
  74  7:27  Immortal (Chrono Boost)  
  74  7:29  Assimilator  
  78  7:32  Assimilator  
  78  7:43  Nexus  
  78  7:47  Protoss Shields Level 1  
  78  8:00  Stalker x4  
  86  8:07  Warp Prism (Chrono Boost)  
  68  9:18  Zealot x3  
  68  9:19  Zealot  
  76  9:40  Gateway  
  76  9:41  Gateway  
  76  9:42  Gateway  
  76  9:46  Gateway  
  76  9:48  Gateway  
  76  9:49  Zealot x2  
  76  9:50  Zealot x2  
  84  9:53  Gateway  
  84  9:54  Gateway  
  84  9:57  Stalker  
  86  10:01  Probe  
  86  10:02  Probe  
  88  10:11  Probe  
  90  10:14  Probe  
  90  10:22  Probe  
  90  10:26  Probe  
  92  10:30  Nexus, Stalker  
  92  10:31  Stalker  
  92  10:32  Probe  
  97  10:38  Probe  
  98  10:43  Probe  
  93  10:50  Probe  
  90  11:04  Stalker x5  
  70  11:35  Immortal (Chrono Boost)  
  70  11:39  Sentry x3  
  80  11:40  Sentry x3  
  80  11:41  Sentry  
  88  12:09  Immortal (Chrono Boost)  
  88  12:12  Zealot  
  88  12:13  Zealot x5  
  88  12:14  Zealot  
  72  12:39  Stalker x3  
  72  12:42  Probe  
  72  12:43  Probe  
  68  12:55  Probe  
  67  12:59  Probe  
  68  13:08  Probe  
  68  13:09  Probe  
  70  13:17  Observer (Chrono Boost)  
  71  13:20  Probe  
  71  13:26  Zealot x2  
  76  13:29  Sentry  
  76  13:31  Sentry  
  76  13:32  Sentry x3  
  76  13:33  Sentry  
  88  13:35  Sentry  
  88  13:36  Observer (Chrono Boost)  
  91  13:41  Probe  
  91  13:43  Probe  
  93  13:52  Probe  
  93  13:55  Probe  
  95  14:01  Probe  
  95  14:02  Probe  
  96  14:07  Probe  
  98  14:11  Probe  
  98  14:13  Probe  
  98  14:15  Sentry  
  98  14:16  Sentry x5  
  98  14:17  Sentry x3  
  114  14:18  Sentry  
  114  14:19  Probe  
  114  14:22  Probe  
  114  14:23  Probe  
  98  15:20  Stalker x2  
  98  15:21  Stalker x4  
  103  15:22  Stalker x4  
  117  15:46  Stalker  
  117  15:47  Stalker x2  
  123  15:59  Pylon  
  123  16:02  Pylon  
  123  16:06  Pylon  
  123  16:08  Pylon  
  123  16:12  Pylon  
  123  16:27  Zealot x4  
  123  16:28  Zealot x5  
  123  16:29  Zealot  
Show
View Real Time Build Order
Export as new Build Order

annihilator Terran 

Build Orders:  

Get SALT Encoding   

  12  0:02  SCV  
  13  0:14  SCV  
  14  0:25  Supply Depot  
  14  0:37  Supply Depot  
  14  0:50  Supply Depot  
  14  0:54  SCV  
  15  1:05  Refinery  
  15  1:06  SCV, Refinery  
  16  1:14  Engineering Bay  
  16  1:18  SCV  
  17  1:30  SCV  
  18  1:42  SCV  
  19  1:47  Barracks  
  19  1:55  SCV  
  20  2:07  SCV  
  21  2:13  Barracks  
  21  2:19  SCV  
  22  2:31  SCV  
  23  2:45  Planetary Fortress  
  23  2:47  Marine  
  24  3:05  Marine  
  25  3:07  Command Center  
  25  3:19  Missile Turret  
  25  3:20  Missile Turret  
  25  3:23  Marine  
  25  3:26  Missile Turret  
  26  3:40  Marine  
  27  3:47  Bunker  
  27  3:51  Bunker  
  27  3:58  Marine  
  28  4:14  Barracks Reactor  
  28  4:16  Marine  
  29  4:34  Marine  
  29  4:38  Refinery  
  30  4:50  Planetary Fortress  
  30  4:52  Marine  
  31  4:53  SCV  
  32  5:03  Marine x2  
  32  5:06  SCV  
  36  5:18  SCV  
  36  5:21  Marine x2  
  37  5:25  Barracks Tech Lab  
  38  5:28  SCV  
  38  5:30  SCV  
  40  5:39  Marine x2  
  40  5:40  SCV  
  40  5:42  SCV  
  44  5:52  SCV  
  44  5:54  SCV  
  44  5:56  Marine  
  47  5:57  Marine  
  48  6:05  SCV  
  48  6:06  SCV  
  48  6:08  Factory  
  48  6:10  Factory  
  50  6:13  Marauder  
  50  6:14  Marine x2  
  54  6:33  Supply Depot  
  54  6:34  Supply Depot  
  54  6:41  Supply Depot  
  54  6:45  Supply Depot  
  54  6:48  Bunker  
  54  6:54  SCV x2  
  54  6:55  Marauder  
  58  7:06  SCV  
  59  7:16  Marauder  
  59  7:19  SCV  
  59  7:22  Refinery  
  62  7:31  SCV, Factory Tech Lab  
  62  7:32  Factory Tech Lab  
  63  7:37  Marauder  
  63  7:43  SCV  
  66  7:50  Starport x2  
  66  7:51  Combat Shields  
  66  7:55  SCV  
  67  7:59  Marauder  
  69  8:28  Armory  
  69  8:29  Armory  
  69  8:33  Engineering Bay  
  50  8:57  Marauder  
  50  8:59  Marine x2  
  54  9:10  Concussive Shells  
  54  9:16  Marine  
  54  9:17  Marine  
  55  9:18  Marauder  
  58  9:24  Thor x2  
  58  9:27  Starport Tech Lab  
  58  9:29  Starport Tech Lab  
  70  9:34  Marine x2  
  72  9:40  Marauder  
  74  9:52  Marine x2  
  76  10:01  Marauder  
  78  10:07  Thor  
  84  10:23  Marauder  
  85  10:38  Command Center  
  85  10:48  Thor  
  83  10:54  Supply Depot  
  55  11:17  Supply Depot  
  55  11:18  Thor  
  58  11:31  Thor  
  46  11:56  Supply Depot  
  33  12:01  Thor  
  33  12:02  Marine x3  
  32  12:20  Marine x3  
  35  12:38  Marine x3  
  38  12:55  Marine  
  38  12:56  Marine  
  34  13:36  Planetary Fortress  
  29  14:37  SCV  
  1  15:40  SCV  
  2  16:10  SCV  
Tags
 
Add a new tag
Caveats
  • Supply blocks, unpowered buildings, or Contaminate may cause inaccurate times.
  • Supply counts are checked every 10 seconds.